 Dungeon Crawl Stone Soup version 0.15-a0-462-gf669498 (webtiles) character file.

341 PolkaDot the Vexing (level 5, -1/35 HPs)
             Began as a Vampire Enchanter on May 7, 2014.
             Slain by an ogre
             ... wielding a +0,+0 giant club
              (30 damage)
             ... on Level 4 of the Dungeon.
             The game lasted 00:12:57 (3997 turns).

PolkaDot the Vexing (Vampire Enchanter)             Turns: 3997, Time: 00:12:57

HP  -1/35        AC  4     Str  8      XL: 5   Next: 73%
MP   7/9         EV 12     Int 17      God:
Gold 110         SH  0     Dex 14      Spells:  3 memorised,  2 levels left

rFire  . . .     SeeInvis +     a - +2,+0 dagger (venom)
rCold  + + .     Clarity  .     o - +1 robe
rNeg   + + +     Conserve .     (no shield)
rPois  +         rCorr    .     (no helmet)
rElec  .         rRot     +     x - +0 cloak
SustAb . .       Spirit   .     (no gloves)
rMut   .         Warding  .     (no boots)
Saprov . . .     Stasis   .     (no amulet)
MR     .....                    (no ring)
                                (no ring)

@: non-regenerating, not resistant to hostile enchantments, fairly stealthy
A: fangs 3, see invisible, unbreathing
a: Bat Form


You were on level 4 of the Dungeon.
You were bloodless.

You visited 1 branch of the dungeon, and saw 4 of its levels.

You collected 110 gold pieces.

Inventory:

Hand weapons
 a - a +2,+0 dagger of venom (weapon)
 b - a +1,+4 dagger
Missiles
 d - 12 darts (quivered)
Armour
 o - a +1 robe (worn)
 x - a +0 cloak (worn)
Magical devices
 q - a wand of random effects (14) {unknown}
 v - a wand of magic darts (11) {unknown}
 y - a wand of frost (9) {unknown}
Scrolls
 f - a scroll of identify {unknown}
 h - 3 scrolls of remove curse {unknown}
 k - 2 scrolls of amnesia {unknown}
 l - a scroll of teleportation {unknown}
 m - 2 scrolls of enchant armour {unknown}
 n - 2 scrolls of enchant weapon II {unknown}
 t - a scroll of immolation {unknown}
 w - a scroll of enchant weapon I {unknown}
 z - a scroll of blinking {unknown}
Potions
 e - a potion of paralysis {unknown}
 g - a potion of might {unknown}
 i - 4 potions of curing {unknown}
 j - a potion of brilliance {unknown}
 p - a potion of confusion {unknown}
 r - a potion of haste {unknown}
 s - a potion of lignification {unknown}
 u - a potion of poison {unknown}
Books
 c - a book of Maledictions

   Spells                             Type                      Level
   *Corona                            Hexes                        1
   Sure Blade                         Hexes/Charms                 2
   *Ensorcelled Hibernation           Hexes/Ice                    2
   *Confuse                           Hexes                        3
   Dazzling Spray                     Conjuration/Hexes            3
   Enslavement                        Hexes                        4


   Skills:
 + Level 2.2 Short Blades
 - Level 0.7 Throwing
 - Level 2.1 Dodging
 + Level 4.2 Stealth
 - Level 2.0 Spellcasting
 * Level 7.6 Hexes
 - Level 2.3 Ice Magic


You had 2 spell levels left.
You knew the following spells:

 Your Spells              Type           Power        Failure   Level  Hunger
a - Corona                Hex            ####...      1%          1    #......
c - Confuse               Hex            ####....     2%          3    ####...
d - Ensorcelled Hibernat  Hex/Ice        ###...       4%          2    ###....


Dungeon Overview and Level Annotations

Branches:
Dungeon (4/15)
 Temple: D:4-7

Altars:
Cheibriados
Nemelex Xobeh


Innate Abilities, Weirdness & Mutations

You do not heal naturally.
You have razor-sharp teeth.*
You have supernaturally acute eyesight.
You can survive without breathing.*


Message History

A worker ant comes into view.
The worker ant twitches its antennae in your direction.
The worker ant disappears!
Found a whip.
You see here a whip.
A giant cockroach comes into view.
The giant cockroach moves out of view.
You strike the helpless giant cockroach from a blind spot!
You slash the giant cockroach!
You kill the giant cockroach!
An ogre comes into view. It is wielding a giant club.
The ogre shouts!
Casting: Ensorcelled Hibernation
Confirm with . or Enter, or press ? or * to list all spells.
Aiming: Ensorcelled Hibernation
Press: ? - help, Shift-Dir - straight line, f - ogre
Aim: an ogre, wielding a giant club The ogre resists.
The ogre hits you with a giant club!
Ouch! That really hurt!
You die...

. #.......###.##.# ..
#######.....##.# #.
#.#....... #. #.#...##.#
.. #.#...##.# #.
#.#...##.# #.
####.#...##.#
..W####.#####............
.......O@................
...#.########..>.........
######...##.# #...##.#
##...##.# #......(#
#....#..# #...##..#
#..###..#


You could see a phantom (wandering) and an ogre.

Vanquished Creatures
  A hound (D:3)
  2 orc wizards (D:4)
  A worker ant (D:4)
  3 adders
  A giant mite (D:2)
  A worm (D:2)
  An ooze (D:2)
  7 orcs
  A ball python (D:3)
  3 giant cockroaches
  7 hobgoblins
  3 jackals (D:4)
  9 kobolds
  3 quokkas
  10 bats
  3 giant geckos
  2 giant newts (D:2)
  10 goblins
  8 rats
76 creatures vanquished.

Vanquished Creatures (others)
  A scorpion (D:4)
  A hound (D:4)
  2 worker ants (D:4)
  2 adders (D:4)
  A worm (D:4)
  A hobgoblin (D:4)
  A quokka (D:4)
  2 giant cockroaches (D:4)
  A goblin (D:4)
12 creatures vanquished.

Grand Total: 88 creatures vanquished

Notes
Turn   | Place    | Note
--------------------------------------------------------------
     0 | D:1      | PolkaDot, the Vampire Enchanter, began the quest for the Orb.
     0 | D:1      | Reached XP level 1. HP: 13/13 MP: 3/3
   538 | D:1      | Reached XP level 2. HP: 11/19 MP: 4/4
   641 | D:1      | Reached skill level 5 in Hexes
   726 | D:1      | Learned a level 2 spell: Ensorcelled Hibernation
  1420 | D:2      | Reached XP level 3. HP: 18/24 MP: 1/6
  1698 | D:2      | Reached skill level 1 in Ice Magic
  2052 | D:2      | Reached skill level 6 in Hexes
  2105 | D:2      | Learned a level 3 spell: Confuse
  2282 | D:2      | Reached XP level 4. HP: 13/30 MP: 1/7
  2869 | D:3      | Found a snail-covered altar of Cheibriados.
  2869 | D:3      | Found a sparkling altar of Nemelex Xobeh.
  3496 | D:3      | Reached XP level 5. HP: 23/35 MP: 9/9
  3605 | D:4      | Reached skill level 7 in Hexes
  3993 | D:4      | Noticed an ogre
  3997 | D:4      | Slain by an ogre

Action                   |  1- 3 |  4- 6 || total
-------------------------+-------+-------++-------
Melee: Dagger            |   138 |    90 ||   228
 Cast: Corona            |     4 |       ||     4
       Ensorcelled Hiber |    22 |    11 ||    33
 Stab: Sleeping          |    17 |    15 ||    32
       Distracted        |       |     1 ||     1
